 Dungeon Crawl Stone Soup version 0.28.0-53-g5a82cb258f (webtiles) character file.

Game seed: 8359615342793260626

1191 yustus the Firebug (level 8, -2/61 HPs)
             Began as a Human Cinder Acolyte on July 15, 2022.
             Was a Priest of Ignis.
             Slain by an orc warrior
             ... wielding a +0 trident
              (4 damage)
             ... on level 6 of the Dungeon.
             The game lasted 00:54:58 (6631 turns).

yustus the Firebug (Human Cinder Acolyte)           Turns: 6631, Time: 00:54:59

Health: -2/61      AC:  7    Str: 15    XL:     8   Next: 71%
Magic:  10/14      EV: 11    Int: 17    God:    Ignis [***...]
Gold:   278        SH:  0    Dex:  8    Spells: 12/15 levels left

rFire   + . .      SeeInvis .   a - -1 mace (flame)
rCold   . . .      Faith    .   s - orb {light}
rNeg    . . .      Spirit   .   x - +0 robe of the Iron City of Dis {rElec Regen+}
rPois   .          Reflect  .   r - +2 helmet
rElec   +          Harm     .   p - +0 cloak
rCorr   .          Rampage  .   (no gloves)
Will    .....                   i - +0 pair of boots
Stlth   +.........              (no amulet)
HPRegen 1.00/turn               c - ring of flight
MPRegen 0.14/turn               (no ring)

@: flying, glowing
A: no striking features
a: Renounce Religion, Fiery Armour, Foxfire Swarm, Rising Flame


You were on level 6 of the Dungeon.
You worshipped Ignis.
Ignis was most pleased with you.
You visited 1 branch of the dungeon, and saw 6 of its levels.

You collected 278 gold pieces.

Inventory:

Hand Weapons
 a - a -1 mace of flaming (weapon)
Missiles
 b - 9 arrows
 o - 29 bolts
Armour
 d - a +0 ring mail
 i - a +0 pair of boots (worn)
 p - a +0 cloak (worn)
 r - a +2 helmet (worn)
 s - an orb of light (worn)
 x - the +0 robe of the Iron City of Dis (worn) {rElec Regen+}
   (You found it on level 5 of the Dungeon)

   rElec:     It insulates you from electricity.
   Regen:     It increases your rate of health regeneration.
Jewellery
 c - a ring of flight (left hand)
Scrolls
 f - a scroll of summoning
 h - a scroll of immolation {unknown}
 j - a scroll of holy word {unknown}
 q - a scroll of enchant armour {unknown}
 t - a scroll of vulnerability {unknown}
 v - a scroll of magic mapping {unknown}
 w - a scroll of noise {unknown}
 y - a scroll of enchant weapon {unknown}
Potions
 k - 3 potions of lignification
 l - 2 potions of heal wounds {unknown}
 m - a potion of curing {unknown}
 n - a potion of haste
 u - a potion of degeneration {unknown}


   Skills:
 + Level 4.3 Fighting
 + Level 5.2 Maces & Flails
 + Level 3.3 Armour
 + Level 1.8 Dodging
 + Level 4.3 Spellcasting
 * Level 1.7 Conjurations
 + Level 5.4 Fire Magic


You had 12 spell levels left.
You knew the following spells:

 Your Spells              Type           Power      Damage    Failure   Level
a - Scorch                Fire           44%        2d7       2%          2
b - Magic Dart            Conj           36%        1d4       8%          1

Your spell library contained the following spells:

 Spells                   Type           Power      Damage    Failure   Level
 Searing Ray              Conj           18%        2d5       12%         2
 Static Discharge         Conj/Air       6%         N/A       16%         2
 Ignite Poison            Fire/Tmut/Pois 9%         N/A       22%         3
 Mephitic Cloud           Conj/Pois/Air  5%         N/A       36%         3
 Fulminant Prism          Conj/Hex       3%         3d6       71%         4
 Lightning Bolt           Conj/Air       3%         1d14      96%         5
 Freezing Cloud           Conj/Ice/Air   2%         6-21      98%         5
 Maxwell's Capacitive Co  Air            1%         ∞         100%        8


Dungeon Overview and Level Annotations

Branches:
Dungeon (6/15)
 Temple: D:4-7

Altars:

Shops:
D:1 !

Portals:
Sewer: D:6


Message History

* * * LOW HITPOINT WARNING * * *
The orc warrior closely misses you.
The orc warrior hits you from afar with a +0 trident!
* * * LOW HITPOINT WARNING * * *
You bump into the rock wall.
The orc warrior hits you from afar with a +0 trident!
* * * LOW HITPOINT WARNING * * *
You feel less invigorated.
You feel less confused.
The orc warrior hits you but does no damage.
There is an open door here.
Casting: Scorch (safe; 2% risk of failure)
Confirm with . or Enter, or press ? or * to list all spells.
Flames lash the orc warrior.
The orc warrior is heavily wounded.
The orc warrior's fire resistance burns away.
You hear a shout!
The orc warrior hits you from afar with a +0 trident!
* * * LOW HITPOINT WARNING * * *
Casting: Scorch (safe; 2% risk of failure)
Confirm with . or Enter, or press ? or * to list all spells.
Flames lash the orc warrior.
The orc warrior is heavily wounded.
The orc warrior barely misses you.
The orc warrior hits you with a +0 trident!
* * * LOW HITPOINT WARNING * * *
You hit the orc warrior but do no damage.
The orc warrior is heavily wounded.
The orc warrior hits you with a +0 trident.
* * * LOW HITPOINT WARNING * * *
As you read the scroll labelled TECET HASIK WENKAM, it crumbles to dust.
It is a scroll of amnesia.
Forget Magic Dart, freeing 1 spell level for a total of 13?
Really abort (and waste the scroll)?
Uppercase [Y]es or [N]o only, please.
Really abort (and waste the scroll)?
Okay, then.
An orc comes into view. It is wielding a +0 whip.
The orc warrior hits you with a +0 trident.
You die...

#..#.#≈..≈##≈#
#..#≈#≈###≈#≈#
####'#≈#≈#∩#≈#≈#
#....#.#≈#.#≈#≈#
#.####....#≈##≈##≈#≈#
#.........#≈#####≈#≈#
######...o##≈≈≈.≈##.#
#.....#######.##
#.....o@...#..#
#.....####...##
#.....# #.### #######
#.# #.#
#.#############
#..............
###############


You could see an orc warrior (combustible) and an orc.

Vanquished Creatures
  Eustachio (D:5)
  An ice beast (D:5)
  A necrophage (D:5)
  3 ogres
  A phantom (D:6)
  2 scorpions (D:5)
  A water moccasin skeleton (D:6)
  A howler monkey (D:5)
  A hound (D:4)
  Ijyb (D:4)
  2 iguanas (D:5)
  An orc wizard (D:6)
  2 howler monkey zombies (D:6)
  A howler monkey skeleton (D:5)
  3 gnolls (D:5)
  3 adders
  4 dart slugs
  2 orcs
  8 bats
  11 endoplasms
  2 giant cockroaches
  7 goblins
  2 hobgoblins (D:4)
  4 jackals (D:2)
  12 kobolds
  6 quokkas
  10 ball pythons
  4 frilled lizards
  6 rats
103 creatures vanquished.

Vanquished Creatures (others)
  24 foxfires
24 creatures vanquished.

Grand Total: 127 creatures vanquished

Notes
Turn   | Place    | Note
-------+----------+-------------------------------------------
     0 | D:1      | yustus the Human Cinder Acolyte began the quest for the
                  | Orb.
     0 | D:1      | Reached XP level 1. HP: 18/18 MP: 2/2
   399 | D:1      | Reached XP level 2. HP: 24/24 MP: 3/3
   545 | D:1      | Found a faded altar of an unknown god.
   702 | D:1      | Reached XP level 3. HP: 29/29 MP: 4/4
  1251 | D:1      | Found Yfyumm's Distillery.
  1444 | D:2      | Reached skill level 1 in Armour
  1448 | D:2      | Learned a level 2 spell: Scorch
  1545 | D:2      | Reached XP level 4. HP: 37/37 MP: 5/5
  3804 | D:4      | Reached XP level 5. HP: 38/42 MP: 7/7
  3856 | D:4      | Noticed Ijyb
  3898 | D:4      | Killed Ijyb
  4663 | D:5      | Entered Level 5 of the Dungeon
  4675 | D:5      | Reached XP level 6. HP: 36/48 MP: 9/9
  4781 | D:5      | Noticed an ogre
  4802 | D:5      | Reached skill level 1 in Dodging
  4863 | D:5      | Killed an ogre
  4864 | D:5      | Reached XP level 7. HP: 19/53 MP: 5/10
  5293 | D:5      | Noticed Eustachio
  5353 | D:5      | Killed Eustachio
  5354 | D:5      | Reached XP level 8. HP: 54/60 MP: 5/13
  5548 | D:5      | Reached skill level 5 in Fire Magic
  5656 | D:5      | Learned a level 1 spell: Magic Dart
  5784 | D:5      | Identified the +0 robe of the Iron City of Dis {rElec
                  | Regen+}
  6332 | D:6      | Reached skill level 5 in Maces & Flails
  6332 | D:6      | Reached skill level 1 in Conjurations
  6444 | D:6      | Found a glowing drain.
  6604 | D:6      | HP: 2/61 [orc warrior/+0 trident (9)]
  6629 | D:6      | HP: 1/61 [orc warrior/+0 trident (14)]
  6631 | D:6      | Slain by an orc warrior

Illustrated notes

Levels and vault maps discovered:
D:1:      scummos_arrival_simple_crosswalls, layout_loops_corners,
          hellmonk_ecumenical_altar_arch_garden, serial_shops,
          nicolae_square_shop, grunt_decor_one_mirror, minmay_domino_4
D:2:      layout_basic
D:3:      layout_loops_corners, st_stairs_4, minmay_misc_feat_secret_circle,
          minmay_misc_feat_five
D:4:      layout_loops_ring, uniq_ijyb
D:5:      layout_basic, roderic_cross_of_infinity,
          chequers_serial_rivers_large_a, uniq_eustachio
D:6:      layout_basic, gup_sewer_entry_spiral, uniq_maggie

Skill      XL: |  1  2  3  4  5  6  7  8 |
---------------+-------------------------+-----
Armour         | 1 2 3 |  3.3
Spellcasting   | 2 3 4 |  4.3
Maces & Flails | 4 5 |  5.2
Dodging        | 1 |  1.8
Fire Magic     | 4 5 |  5.4
Fighting       | 4 |  4.3
Conjurations   | 1 |  1.7

Action                   |  1- 3 |  4- 6 |  7- 9 || total
-------------------------+-------+-------+-------++-------
Melee: Mace              |    97 |   178 |    98 ||   373
       Punch             |     4 |     1 |       ||     5
 Cast: Scorch            |       |     7 |    26 ||    33
       Magic Dart        |       |       |     6 ||     6
Invok: Foxfire Swarm     |     1 |     2 |       ||     3
       Fiery Armour      |       |     1 |     1 ||     2
  Use: Scroll            |       |       |     4 ||     4
       Potion            |       |       |     2 ||     2
Armor: Ring mail         |    29 |    88 |    27 ||   144
       Robe              |       |       |    16 ||    16
Dodge: Dodged            |    46 |    99 |    49 ||   194
